 Dungeon Sprint DCSS version 0.27.1 (webtiles) character file.

Game seed: 8741813701246184673

906 styxcanada the Unseen (level 7, -2/38 HPs)
             Began as a Spriggan Brigand on Aug 26, 2021.
             Was an Initiate of Gozag.
             Succumbed to a killer bee's poison
             ... in the Dungeon (Sprint IV: "Fedhas' Mad Dash").
             The game lasted 00:06:18 (552 turns).

styxcanada the Unseen (Spriggan Brigand)             Turns: 552, Time: 00:06:19

Health: -2/38      AC:  4    Str:  7    XL:     7   Next: 81%
Magic:  11/13      EV: 21    Int: 13    God:    Gozag
Gold:   618        SH:  0    Dex: 18    Spells: 10/13 levels left

rFire    . . .     SeeInvis +   a - +2 dagger
rCold    . . .     Faith    .   (shield restricted)
rNeg     . . .     Spirit   .   q - +1 robe {Archmagi}
rPois    .         Reflect  .   (helmet restricted)
rElec    .         Harm     .   c - +0 cloak
rCorr    .         Rampage  .   (gloves unavailable)
Will     +....     Archmagi +   (boots unavailable) Stlth +++.......NoTele +
                                n - amulet of invisibility {+Inv}
HPRegen  0.12/turn              (no ring)
MPRegen  0.13/turn              (no ring)

@: lethally poisoned (-2 -> -29), contaminated, glowing, invisible (but backlit
and visible), very quick
A: very small, no large weapons, unfitting armour, see invisible, speed 3
a: Renounce Religion, Evoke Invisibility, Potion Petition, Call Merchant, Bribe
Branch


You were in the Dungeon.
You worshipped Gozag.
Gozag was pleased with you.
You visited 1 branch You collected 719 gold pieces.
You spent 101 gold pieces at shops.

Inventory:

Hand Weapons
 a - a +2 dagger (weapon)
Missiles
 d - 12 poisoned darts (quivered)
 e - 2 curare-tipped darts
 r - 5 boomerangs
Armour
 c - a +0 cloak (worn)
 q - a +1 robe of the Archmagi (worn)
Jewellery
 n - the amulet of invisibility (around neck) {+Inv}
   (You found it in the Dungeon)

   [amulet of nothing]

   +Inv:      It lets you turn invisible.
 p - an amulet of magic regeneration
Scrolls
 k - a scroll of blinking
 l - a scroll of enchant weapon {unknown}
 m - a scroll of vulnerability {unknown}
 o - a scroll of identify
Potions
 f - a potion of curing
 h - a potion of haste
 i - 2 potions of magic
 j - a potion of berserk rage


   Skills:
 * Level 4.5 Fighting
 + Level 4.3 Short Blades
 + Level 5.0 Throwing
 * Level 7.1 Dodging
 * Level 17.5 Stealth
 * Level 3.9 Spellcasting
 * Level 4.1 Transmutations
 * Level 2.8 Air Magic
 * Level 3.0 Poison Magic
 * Level 5.9 Evocations


You had 10 spell levels left.
You knew the following spells:

 Your Spells              Type           Power      Damage    Failure   Level
a - Sting                 Tmut/Pois      68%        1d6       4%          1
b - Poisonous Vapours     Pois/Air       30%        N/A       10%         2

Your spell library contained the following spells:

 Spells                   Type           Power      Damage    Failure   Level
 Olgreb's Toxic Radiance  Pois           15%        N/A       52%         4
 Animate Dead             Necr           1%         N/A       91%         4
 Haunt                    Necr/Summ      1%         N/A       100%        7
 Infestation              Necr           1%         N/A       100%        8


Dungeon Overview and Level Annotations

Branches:
Dungeon (1/1)

Altars:
Cheibriados
Dithmenos
Elyvilon
Gozag
Hepliaklqana
Kikubaaqudgha
Makhleb
Nemelex Xobeh
Okawaru
Qazlal
Ru
Sif Muna
Trog
Uskayaw
Vehumet
Wu Jian
Xom
Yredelemnul
Zin
The Shining One
Beogh
Jiyva
Lugonu

Shops:
D *[([


Innate Abilities, Weirdness & Mutations

You are very small and have problems with some larger weapons.
You are too small for most types of armour.
You have supernaturally acute eyesight. (SInv)
You cover ground extremely quickly. (Speed+++)


Message History

The killer bee is no longer distracted by gold.
The killer bee stings you.
* * * LOW HITPOINT WARNING * * *
The killer bee misses you. The killer bee barely misses you.
The queen bee completely misses you. The killer bee misses you.
The killer bee closely misses you.
Unknown command.
You feel much better.
You feel very sick. The killer bee barely misses you.
The killer bee closely misses you. The killer bee stings you.
You are more poisoned.
The killer bee poisons you! The killer bee stings you!
You are more poisoned.
The killer bee poisons you! The queen bee completely misses you.
The killer bee stings you.
You are more poisoned.
The killer bee poisons you! The killer bee closely misses you.
The killer bee completely misses you. x2
You hit the killer bee.
The killer bee is lightly wounded.
* * * LOW HITPOINT WARNING * * *
You feel very sick. The killer bee barely misses you.
The killer bee completely misses you. The killer bee misses you.
The killer bee completely misses you. The queen bee closely misses you.
* * * LOW HITPOINT WARNING * * *
You feel very sick.
You flicker back into view.
* * * LOW HITPOINT WARNING * * *
You feel very sick.
The queen bee calls on the killer bee to defend it!
The killer bee goes berserk!
The queen bee calls on the killer bee to defend it!
The killer bee goes berserk!
The killer bee completely misses you. The killer bee closely misses you.
You fade into invisibility!
You are contaminated with residual magic.
You die...
Your body crumbles into a pile of gold.

#####################
#<...#.....#.....#.⌠.
#PP..'.[...'.#...'.._
#PPPP#.....#.#...#...
###############'##.._
#.yy♣........'...#._.
#.yy@..♣.....#$$$####
#..y..♣..♣..######
##+####+#####


$$$$ You could see a queen bee and 4 killer bees.

Vanquished Creatures
  2 wandering mushrooms (D)
  A burning bush (D)
  3 scorpions (D)
  4 oklob saplings (D)
  2 spriggans (D)
  A river rat (D)
  A rat (D)
14 creatures vanquished.

Vanquished Creatures (others)
  A fungus (D)
1 creature vanquished.

Grand Total: 15 creatures vanquished

Notes
Turn   | Place    | Note
-------+----------+-------------------------------------------
     0 | D        | styxcanada the Spriggan Brigand began the quest for the
                  | Orb.
     0 | D        | Reached XP level 1. HP: 10/10 MP: 2/2
    17 | D        | Reached skill level 6 in Stealth
    18 | D        | Reached skill level 7 in Stealth
    18 | D        | Reached XP level 2. HP: 12/15 MP: 3/3
    41 | D        | Noticed an oklob sapling
    43 | D        | Killed an oklob sapling
    44 | D        | Reached skill level 9 in Stealth
    44 | D        | Reached XP level 3. HP: 16/18 MP: 4/4
    73 | D        | Noticed a scorpion
    73 | D        | Found the amulet of invisibility {+Inv}
    90 | D        | Killed a scorpion
    91 | D        | Reached skill level 11 in Stealth
    91 | D        | Reached XP level 4. HP: 23/23 MP: 5/5
   127 | D        | Found an opulent altar of Gozag.
   127 | D        | Found a hazy altar of Hepliaklqana.
   127 | D        | Found a burning altar of Makhleb.
   127 | D        | Found a sparkling altar of Nemelex Xobeh.
   127 | D        | Found a snail-covered altar of Cheibriados.
   127 | D        | Found a sacrificial altar of Ru.
   127 | D        | Found a shimmering blue altar of Sif Muna.
   127 | D        | Found a shimmering altar of Xom.
   127 | D        | Found a basalt altar of Yredelemnul.
   128 | D        | Found a viscous altar of Jiyva.
   128 | D        | Found a bloodstained altar of Trog.
   128 | D        | Found an ornate altar of the Wu Jian Council.
   129 | D        | Found an iron altar of Okawaru.
   129 | D        | Found a shadowy altar of Dithmenos.
   129 | D        | Found a glowing silver altar of Zin.
   130 | D        | Found an ancient bone altar of Kikubaaqudgha.
   130 | D        | Found a hide-covered altar of Uskayaw.
   131 | D        | Found a stormy altar of Qazlal.
   131 | D        | Found a white marble altar of Elyvilon.
   131 | D        | Found a glowing golden altar of the Shining One.
   132 | D        | Became a worshipper of Gozag Ym Sagoz the Greedy
   133 | D        | Found a corrupted altar of Lugonu.
   133 | D        | Found a radiant altar of Vehumet.
   137 | D        | Reached skill level 13 in Stealth
   137 | D        | Reached skill level 1 in Evocations
   137 | D        | Reached XP level 5. HP: 28/28 MP: 3/6
   205 | D        | Reached skill level 5 in Dodging
   205 | D        | Reached skill level 14 in Stealth
   208 | D        | Reached skill level 15 in Stealth
   208 | D        | Reached XP level 6. HP: 33/33 MP: 5/7
   230 | D        | Learned a level 1 spell: Sting
   233 | D        | Learned a level 2 spell: Poisonous Vapours
   239 | D        | Found Nesoxzum's Armour Shop.
   239 | D        | Found Homnys's General Store.
   245 | D        | Bought a scroll of identify for 24 gold pieces
   252 | D        | Noticed a burning bush
   252 | D        | Noticed a wandering mushroom
   253 | D        | Noticed a wandering mushroom
   256 | D        | Killed a burning bush
   257 | D        | Reached skill level 16 in Stealth
   257 | D        | Reached skill level 1 in Air Magic
   257 | D        | Reached skill level 1 in Poison Magic
   257 | D        | Killed a wandering mushroom
   258 | D        | Reached skill level 17 in Stealth
   258 | D        | Reached skill level 5 in Evocations
   258 | D        | Reached XP level 7. HP: 38/38 MP: 5/13
   277 | D        | Reached skill level 5 in Throwing
   468 | D        | Found Buawauch's Antique Armour Emporium.
   468 | D        | Found Emoocuab's Weapon Shoppe.
   476 | D        | Bought an embroidered robe for 77 gold pieces
   534 | D        | Noticed a queen bee
   552 | D        | Succumbed to a killer bee's poison

Illustrated notes

Levels and vault maps discovered:
D:        dungeon_sprint_fedhas [sprint_temple]

Skill      XL: |  1  2  3  4  5  6  7 |
---------------+----------------------+-----
Stealth        | 7 9 11 13 15 17 | 17.5
Fighting       | 2 3 4 |  4.5
Dodging        | 2 3 4 5 6 7 |  7.1
Short Blades   | 3 4 |  4.3
Throwing       | 3 4 5 |  5.0
Evocations     | 1 3 5 |  5.9
Spellcasting   | 3 |  3.9
Transmutations | 3 4 |  4.1
Air Magic      | 2 |  2.8
Poison Magic   | 2 3 |  3.0

Action                   |  1- 3 |  4- 6 |  7- 9 || total
-------------------------+-------+-------+-------++-------
Melee: Dagger            |     7 |     8 |    17 ||    32
Throw: Dart              |    13 |       |       ||    13
 Abil: Evoke Invisibilit |       |     3 |     2 ||     5
  Use: Potion            |       |       |     1 ||     1
 Stab: Sleeping          |     1 |     6 |     1 ||     8
       Invisible         |       |     1 |     2 ||     3
Armor: Robe              |     1 |       |     1 ||     2
Dodge: Dodged            |     2 |     1 |    48 ||    51
